 Dungeon Crawl Stone Soup version 0.21.1-1-g345015fe64 (webtiles) character file.

28 JarielCorvus the Magician (level 3, -6/17 HPs)
             Began as a Deep Elf Fire Elementalist on July 3, 2018.
             Engulfed by a cloud of flame (23 damage)
             ... on level 2 of the Dungeon.
             The game lasted 00:04:19 (1083 turns).

JarielCorvus the Magician (DEFE)                    Turns: 1083, Time: 00:04:20

Health: -6/17      AC:  4    Str:  5    XL:     3   Next: 0%
Magic:  10/10      EV: 13    Int: 20    God:
Gold:   26         SH:  0    Dex: 15    Spells: 1/10 levels left

rFire    . . .     SeeInvis .   (no weapon)
rCold    . . .     Gourm    .   (no shield)
rNeg     . . .     Faith    .   a - +1 robe
rPois    .         Spirit   .   (helmet restricted)
rElec    .         Reflect  .   (no cloak)
rCorr    .         Harm     .   (no gloves)
MR       .....                  (no boots)
Stlth    ++........             (no amulet)
HPRegen  0.05/turn              (no ring)
MPRegen  0.12/turn              (no ring)

@: no status effects
A: horns 1, frail 1, shaggy fur 1
a: no special abilities


You were on level 2 of the Dungeon.
You were not hungry.

You visited 1 branch of the dungeon, and saw 2 of its levels.

You collected 26 gold pieces.

Inventory:

Armour
 a - a +1 robe (worn)
Scrolls
 d - a scroll of teleportation
 j - a scroll of remove curse
Potions
 e - a potion of flight
 l - a potion of lignification
Books
 b - a book of Flames

   Spells                             Type                      Level
   a - Flame Tongue                   Conjuration/Fire             1
   b - Throw Flame                    Conjuration/Fire             2
   c - Conjure Flame                  Conjuration/Fire             3
   d - Inner Flame                    Hexes/Fire                   3
   e - Sticky Flame                   Conjuration/Fire             4
   f - Fireball                       Conjuration/Fire             5
Comestibles
 c - 2 rations


   Skills:
 - Level 2.4 Dodging
 - Level 2.4 Stealth
 * Level 4.0 Spellcasting
 + Level 1.8 Conjurations
 + Level 3.6 Fire Magic


You had one spell level left.
You knew the following spells:

 Your Spells              Type           Power        Failure   Level  Hunger
a - Flame Tongue          Conj/Fire      ###..        4%          1    None
b - Throw Flame           Conj/Fire      ###...       6%          2    #......
c - Conjure Flame         Conj/Fire      ###.....     12%         3    ###....
d - Inner Flame           Hex/Fire       ##......     19%         3    ###....


Dungeon Overview and Level Annotations

Branches:
Dungeon (2/15)

Altars:
Vehumet


Innate Abilities, Weirdness & Mutations

You have a pair of small horns on your head.
You are frail. (-10% HP)
You are covered in fur. (AC +1)


Message History

m - a potion of mutation You feel extremely strange.
Fur sprouts all over your body.
You feel frail. A pair of horns grows on your head!
(D) Dungeon
Where to? (? - help)
What level of the Dungeon? (default 1, ? - help)
There is an open door here.
There is a stone staircase leading down here.
You climb downwards.
Found a potion of lignification.
Found a radiant altar of Vehumet.
There is a stone staircase leading up here.
Really walk into a travel-excluded area? [Y]es or [N]o only, please.
Really walk into a travel-excluded area?
Uppercase [Y]es or [N]o only, please.
Really walk into a travel-excluded area?
You are engulfed in blazing flames.
Ouch! That really hurt!
You die...

#............
#............
#............
#......!....
#..<..#
####.###
#.....#
#.§...#
#.@§§§#
#..§§§....#
#......#..#
#.#.####.##
#...# # ##..#
.## #.


There were no monsters in sight!

Vanquished Creatures
  A dart slug (D:1)
  A leopard gecko (D:1)
  2 goblins (D:1)
  3 hobgoblins (D:1)
  4 jackals (D:1)
  6 bats (D:1)
  2 frilled lizards (D:1)
  5 rats (D:1)
24 creatures vanquished.

Notes
Turn   | Place    | Note
-------+----------+-------------------------------------------
     0 | D:1      | JarielCorvus the Deep Elf Fire Elementalist began the quest for the Orb.
     0 | D:1      | Reached XP level 1. HP: 10/10 MP: 6/6
   248 | D:1      | Reached XP level 2. HP: 15/15 MP: 6/8
   253 | D:1      | Learned a level 2 spell: Throw Flame
   611 | D:1      | Reached skill level 4 in Spellcasting
   721 | D:1      | Reached XP level 3. HP: 19/19 MP: 8/10
   726 | D:1      | Learned a level 3 spell: Conjure Flame
   730 | D:1      | Learned a level 3 spell: Inner Flame
  1055 | D:1      | Gained mutation: You are covered in fur. (AC +1) [potion of mutation]
  1055 | D:1      | Gained mutation: You are frail. (-10% HP) [potion of mutation]
  1055 | D:1      | Gained mutation: You have a pair of small horns on your head. [potion of mutation]
  1071 | D:2      | Found a radiant altar of Vehumet.
  1083 | D:2      | Engulfed by a cloud of flame

Skill      XL: |  1  2 |
---------------+-------+-----
Spellcasting   | 4 |  4.0
Dodging        | |  2.4
Stealth        | |  2.4
Conjurations   | |  1.8
Fire Magic     | |  3.6

Action                   || total
-------------------------++-------
Melee: Unarmed           ||     4
 Cast: Flame Tongue      ||    41
  Use: Scroll            ||     9
       Potion            ||     1
Armor: Robe              ||     7
Dodge: Dodged            ||    17
